[Event "GRENKE Chess Classic-TB 2024"]
[Site "Karlsruhe"]
[Date "2024.03.31"]
[Round "1.1"]
[White "Ding, Liren"]
[Black "Keymer, Vincent"]
[Result "1/2-1/2"]
[ECO "E21"]
[WhiteElo "2762"]
[BlackElo "2738"]
[Annotator "TA"]
[PlyCount "63"]
[EventDate "2024.03.26"]
[EventType "match"]
[EventCountry "GER"]
[SourceTitle "playchess.com"]
[Source "ChessBase"]
[SourceQuality "1"]
[TimeControl "600+2"]

1. d4 Nf6 2. c4 e6 3. Nc3 Bb4 4. Nf3 d6 5. Qc2 O-O 6. e3 e5 7. Bd2 Re8 8. Be2 a5 9. a3 Bxc3 10. Bxc3 e4 11. Nd2 d5 12. O-O Bg4 13. Bxg4 Nxg4 14. h3 Nf6 15. Rfc1 Nc6 16. b4 axb4 17. axb4 Rxa1 18. Rxa1 dxc4 {[%emt 0:00:10] [#] Und ...b5 würde nun gewinnen.} 19. Nxc4 Qd5 20. Ne5 Nxe5 21. dxe5 Nd7 22. Bd4 c6 23. Ra7 b5 (23... h5 $14 {ist eher angebracht.}) 24. Rc7 $16 {[%emt 0:00:08] Schwarz hat schwache schwarze Felder} Nxe5 25. Bxe5 Qxe5 26. Qxc6 {[%emt 0:00:13][%mdl 4096] Endspiel. KQR-KQR} g6 27. Rb7 {[%emt 0:00:14] Weiß steht aktiver.} Rd8 {[%emt 0:00:05] [#]} 28. Rd7 (28. Rxb5 $2 Rd1#) (28. g4 $1 $16) 28... Qa1+ {[%emt 0:00:17] Die Stellung ist ausgeglichen.} 29. Kh2 Qe5+ 30. Kg1 Qa1+ 31. Kh2 Qe5+ 32. Kg1 {[%emt 0:00:06] Gewichteter Fehlerwert: Weiß=0.10 (sehr präzise) /Schwarz=0.05 (makellos) .  Fehler:       	Weiß=1     	Schwarz=1     Ungenau:       	Weiß=2     	Schwarz=1     OK:         	Weiß=10    	Schwarz=13    Bester:       	Weiß=3     	Schwarz=2} 1/2-1/2

[Event "GRENKE Chess Classic-TB 2024"]
[Site "Karlsruhe"]
[Date "2024.03.31"]
[Round "1.2"]
[White "Fridman, Daniel"]
[Black "Ding, Liren"]
[Result "1-0"]
[ECO "A08"]
[WhiteElo "2590"]
[BlackElo "2762"]
[Annotator "TA"]
[PlyCount "67"]
[EventDate "2024.03.26"]
[EventType "match"]
[EventCountry "GER"]
[SourceTitle "playchess.com"]
[Source "ChessBase"]
[SourceQuality "1"]
[TimeControl "600+2"]

1. Nf3 d5 2. g3 c5 3. Bg2 Nf6 4. O-O e6 5. c4 d4 6. e3 Nc6 7. d3 Bd6 8. exd4 cxd4 {[%emt 0:00:01] The position is equal.} 9. Bg5 h6 10. Bxf6 Qxf6 11. Nbd2 Qe7 12. a3 a5 13. Ne4 Bc7 14. c5 O-O 15. Nfd2 f5 16. Nd6 Bxd6 17. cxd6 Qxd6 18. Nc4 Qd8 19. Rc1 Ra6 20. Qb3 Kh8 21. Rfe1 {[%emt 0:00:03][%mdl 1024] White has compensation.} f4 22. Qb5 Rf5 23. Qb3 (23. Ne5 Rb6 24. Nxc6 bxc6 $17) 23... f3 24. Bh3 Rf6 25. Ne5 Qd6 26. Nxc6 Rxc6 27. Qb5 {[%emt 0:00:12] Wards off b6} Qc7 (27... Bd7 $11 28. Qxb7 Rb6) 28. Rxc6 $14 bxc6 29. Qh5 (29. Qc5 $14) 29... c5 (29... g5 $11) 30. Rc1 Ba6 $2 {[%emt 0:00:11] [#] A mistake that costs the game.} (30... Bd7 $16) 31. Qe8+ $1 $18 (31. Qxc5 $2 {is the wrong capture.} Qxc5 32. Rxc5 Bxd3 33. Rxa5 Be2 34. Ra8+ Kh7 $19) ({Less strong is} 31. Rxc5 Qd7 $14) 31... Kh7 32. Bxe6 Rxe6 33. Qxe6 Bxd3 34. Qd5 $1 {[%emt 0:00:08][%csl LRc5,LRf3] Weighted Error Value: White=0.07 (flawless) /Black=0.26 (precise) .  Mistake:       	White=1     	Black=3      Inaccurate:     	White=1     	Black=1      OK:         	White=13    	Black=8      Best:        	White=2     	Black=3      Strong:       	White=1     	---} 1-0

[Event "GRENKE Chess Classic-TB 2024"]
[Site "Karlsruhe"]
[Date "2024.03.31"]
[Round "1.3"]
[White "Keymer, Vincent"]
[Black "Fridman, Daniel"]
[Result "1-0"]
[ECO "A13"]
[WhiteElo "2738"]
[BlackElo "2590"]
[Annotator "TA"]
[PlyCount "63"]
[EventDate "2024.03.26"]
[EventType "match"]
[EventCountry "GER"]
[SourceTitle "playchess.com"]
[Source "ChessBase"]
[SourceQuality "1"]
[TimeControl "600+2"]

1. c4 e6 2. Nf3 d5 3. e3 Nf6 4. b3 Bd6 5. Bb2 O-O 6. Nc3 c6 7. Be2 e5 8. cxd5 cxd5 9. Nb5 {[%emt 0:00:00][%cal Ob5d6] And now Nxd6! would win.} Nc6 {[%emt 0:00:01] The position is equal.} 10. Nxd6 Qxd6 11. d4 Qb4+ 12. Qd2 Qxd2+ 13. Kxd2 Ne4+ 14. Ke1 f6 15. Rc1 Bg4 16. h3 Bxf3 17. gxf3 Ng5 18. h4 Ne6 19. dxe5 fxe5 20. Kf1 Rf6 ({Black should try} 20... Rad8 $14) 21. Rh3 (21. f4 $16) 21... Raf8 (21... d4 $14) 22. Kg2 (22. f4 $16) 22... Rg6+ 23. Rg3 Rxg3+ (23... Rh6 $16 {was called for.}) 24. fxg3 $18 Kf7 25. Bb5 Ned8 26. Rd1 {[%emt 0:00:21] White is more active.} Ke6 (26... a6 $16 {is a better defense.}) 27. f4 (27. Ba3 $142 Rf7 28. Rxd5) 27... g6 28. e4 dxe4 (28... d4 {is more resistant.} 29. Bc4+ Kd7) 29. Bc4+ {[%emt 0:00:00] A strong pair of Bishops. White is clearly winning.} Kf5 30. Rf1 Nd4 31. fxe5+ Nf3 {[%emt 0:00:01] [#]} 32. Bd3 $1 {[%emt 0:01:20][%mdl 512] Weighted Error Value: White=0.16 (very precise) /Black=0.43.  Mistake:       	White=3     	Black=5      Inaccurate:     	White=1     	Black=2      OK:         	White=12    	Black=7      Best:        	White=2     	Black=1      Brilliant:      	White=1     	---} 1-0

[Event "GRENKE Chess Classic-TB 2024"]
[Site "Karlsruhe"]
[Date "2024.03.31"]
[Round "1.4"]
[White "Keymer, Vincent"]
[Black "Ding, Liren"]
[Result "1-0"]
[ECO "A06"]
[WhiteElo "2738"]
[BlackElo "2762"]
[Annotator "TA"]
[PlyCount "73"]
[EventDate "2024.03.26"]
[EventType "match"]
[EventCountry "GER"]
[SourceTitle "playchess.com"]
[Source "ChessBase"]
[SourceQuality "1"]
[TimeControl "600+2"]

1. Nf3 d5 2. e3 Nf6 3. c4 e6 4. Nc3 b6 5. cxd5 exd5 6. g3 Bd6 7. Bg2 O-O 8. O-O {[%emt 0:00:02] The position is equal.} Re8 9. Re1 Nbd7 10. d3 Bb7 11. b3 c5 12. Bb2 Rc8 13. d4 Nf8 14. Re2 c4 15. Nd2 cxb3 (15... Qd7 $11) 16. Qxb3 $14 Bb8 17. Ree1 Ne6 18. a4 a6 19. Rec1 {[%emt 0:00:37] White is more active.} h5 20. Nf3 Ne4 21. h4 Nf6 22. Ng5 ({Better is} 22. Ne2 $16) 22... Rc4 23. Nxe6 Rxe6 24. e4 Rxc3 25. Bxc3 $16 {[%emt 0:01:15] Threatens to win with e5.} dxe4 {[%emt 0:00:03] [#]} 26. d5 $1 Qxd5 (26... Nxd5 27. Rd1) 27. Qxd5 Nxd5 28. Bd4 Be5 29. Bxe5 Rxe5 30. Rab1 f5 (30... a5 $14) 31. Bf1 e3 32. Bc4 Kh7 33. Re1 Nc3 (33... a5 $142 34. Bxd5 Rxd5 35. Rxe3 (35. fxe3 Rd2 $11) 35... Rd4) 34. Rxb6 $18 exf2+ 35. Kxf2 {[%emt 0:00:01] White is clearly better.} Ne4+ 36. Kg1 Rc5 37. Bf7 {[%emt 0:00:27] Weighted Error Value: White=0.09 (flawless) /Black=0.20 (precise) .  Mistake:       	White=1     	Black=4      Inaccurate:     	White=2     	Black=2      OK:         	White=9     	Black=4      Best:        	White=1     	Black=4      Brilliant:      	White=1     	---} 1-0

[Event "GRENKE Chess Classic-TB 2024"]
[Site "Karlsruhe"]
[Date "2024.03.31"]
[Round "1.5"]
[White "Ding, Liren"]
[Black "Fridman, Daniel"]
[Result "1-0"]
[ECO "D02"]
[WhiteElo "2762"]
[BlackElo "2590"]
[Annotator "TA"]
[PlyCount "107"]
[EventDate "2024.03.26"]
[EventType "match"]
[EventCountry "GER"]
[SourceTitle "playchess.com"]
[Source "ChessBase"]
[SourceQuality "1"]
[TimeControl "600+2"]

1. Nf3 d5 2. d4 Nf6 3. c4 e6 4. cxd5 exd5 5. Nc3 c6 6. Bf4 Bd6 7. Bxd6 Qxd6 8. e3 Bf5 9. Qb3 Qc7 10. Rc1 Qb6 11. Qa3 {[%emt 0:00:05] The position is equal.} a5 12. Nh4 Be6 13. Bd3 Qb4 14. Bb1 $40 {[%emt 0:00:04][%mdl 128] White is up to no good.} Nbd7 15. Qxb4 axb4 16. Ne2 Nb6 17. b3 Nc8 18. Nf4 g5 19. Nxe6 fxe6 20. Nf3 Ke7 {[%emt 0:01:03] [#]} 21. Ne5 $1 Ra6 22. Nd3 {[%emt 0:00:07] White is more active.} Rb6 23. Nc5 Nd6 24. Bd3 {[%emt 0:00:03] Wards off Rb5} Nb5 25. Bxb5 (25. f3 $16) 25... Rxb5 $14 26. Ke2 Ra8 27. Rc2 b6 28. Na4 {[%emt 0:00:07] [#]} c5 29. dxc5 (29. f3 $15) (29. h4 g4) 29... bxc5 $17 30. Nxc5 $2 (30. Rhc1 $17 c4 31. Nb2) 30... Kd6 $2 ({Black should try} 30... Rxc5 $19 31. Rxc5 Rxa2+ 32. Kd3 Ne4) 31. Rhc1 $16 Ra7 32. f3 h5 33. Na4 Ra6 (33... Rb8 $16 34. h3 Nd7) 34. Rc8 g4 35. R1c2 h4 36. Nc5 Ra7 37. Nd3 h3 38. gxh3 gxf3+ 39. Kxf3 Ne4 (39... Rb6 {was worth a try.} 40. Rd8+ Ke7) 40. R2c6+ $18 Kd7 (40... Ke7 $142 41. h4 Nd6) 41. Kf4 Rbb7 42. Ne5+ Ke7 43. Rg8 Nf6 44. Rg7+ Kf8 45. Rxb7 Rxb7 46. Rxe6 {[%emt 0:00:02][%mdl 4096] Endgame. KRN-KRN} Ne4 47. Kf5 Ra7 48. Nc6 Rxa2 49. Nxb4 Rxh2 50. Nxd5 Nd2 51. b4 ({Not} 51. Rf6+ Kg7 $16) 51... Rxh3 52. e4 Rh5+ (52... Rf3+ $142 53. Ke5 Rb3) 53. Kg6 Rh4 (53... Rh1 $18 54. Rc6 Rg1+ 55. Kf5 Rf1+ 56. Ke5 Nf3+ 57. Kd6 Ng5 58. Rc8+ Kf7) 54. Nf6 {[%emt 0:00:02] Weighted Error Value: White=0.22 (precise) /Black=0.53.  Loses game:     	White=1     	---        Missed win:     	---       	Black=1      Mistake:       	White=2     	Black=4      Inaccurate:     	White=3     	Black=4      OK:         	White=21    	Black=11     Best:        	White=3     	Black=2      Strong:       	White=1     	---        Brilliant:      	---       	Black=1} 1-0

[Event "GRENKE Chess Classic-TB 2024"]
[Site "Karlsruhe"]
[Date "2024.04.01"]
[Round "2.1"]
[White "Carlsen, Magnus"]
[Black "Rapport, Richard"]
[Result "1-0"]
[ECO "C18"]
[WhiteElo "2830"]
[BlackElo "2720"]
[Annotator "TA"]
[PlyCount "101"]
[EventDate "2024.03.26"]
[EventType "match"]
[EventCountry "GER"]
[SourceTitle "playchess.com"]
[Source "ChessBase"]
[SourceQuality "1"]
[TimeControl "2700+10"]

1. e4 e6 2. d4 d5 3. Nc3 Bb4 4. e5 c5 5. a3 Bxc3+ 6. bxc3 Ne7 7. Qg4 Qc7 8. Bd3 Qa5 9. Bd2 (9. Qxg7 $2 Qxc3+ (9... Rg8 $2 10. Qf6 $19) 10. Ke2 Rg8 $19) 9... c4 10. Be2 (10. Qxg7 Rg8 11. Qxh7 cxd3 12. Qxd3 Nd7 $17 (12... Rxg2 13. h4 $17)) 10... Rg8 {[%emt 0:00:03] The position is equal.} 11. a4 Nbc6 12. Qh3 h6 13. Bh5 Bd7 14. Ne2 g6 15. Bg4 h5 16. Bf3 Nf5 17. g4 hxg4 18. Bxg4 O-O-O 19. Bxf5 exf5 20. Bg5 Rde8 21. Kd2 Rh8 22. Qf3 Nd8 23. Bf6 Rh6 (23... Rh5 $5) 24. h4 Ne6 25. h5 g5 26. Rae1 (26. Qxf5 $2 Nxd4 (26... Bxa4 $2 27. Bg7 $18) 27. Nxd4 Bxf5 $19) 26... f4 ({Black should play} 26... a6 $11) 27. Reg1 Rg8 {[%emt 0:00:33][%cal Od7c6] [#]} (27... Qxa4 $2 28. Bxg5 (28. Qxd5 $2 Bc6 $19) 28... Nxg5 29. Rxg5 $18) (27... Bxa4 28. Qg4 (28. Bxg5 Bxc2 29. Kxc2 Qa2+ 30. Kd1 Qb3+ 31. Ke1 Qb1+ 32. Kd2 Qb2+ 33. Kd1 Qb3+ 34. Ke1 Qb1+ 35. Kd2 Qb2+ 36. Kd1 Qb3+ $11)) 28. Nxf4 $1 Rxf6 (28... Nxf4 $2 29. Qxf4 (29. Bxg5 Rxh5 30. Rxh5 Nxh5 $18) 29... Re8 (29... gxf4 $2 30. Rxg8+ $18) 30. Rxg5 $18 (30. Qxg5 Rh7 $18)) 29. exf6 Nxf4 30. h6 {[%emt 0:02:39][%cal Of3f4] aiming for Qxf4!} Ne6 (30... Bxa4 $2 31. Qxf4 (31. h7 Rh8 $18) 31... Bxc2 (31... gxf4 $2 32. Rxg8+ Kc7 33. Ra1 $18) 32. Rxg5 $18 (32. Qg4+ Kc7 $18)) (30... Qxa4 $2 31. h7 Rh8 32. Rxg5 $18) 31. h7 {[%emt 0:01:21] Dancing on a razor blade.} Rh8 32. Qe3 (32. Qh5 $6 Qc7 (32... Be8 33. f4 $16) 33. Qxf7 Qf4+ 34. Kd1 Qf3+ 35. Kd2 (35. Kc1 Qxc3 36. Rg3 Qa1+ 37. Kd2 Qxd4+ 38. Kc1 Qa1+ 39. Kd2 Qxh1 $19) 35... Nd8 $11) 32... Qd8 (32... Bxa4 $2 33. Rxg5 Nxg5 34. Qxg5 $18) (32... Qxa4 $2 33. Ra1 Qc6 34. Rxa7 $18) 33. Rxg5 $1 Nxg5 (33... Bxa4 $2 34. Rg7 $18) 34. Qxg5 Kc7 35. Qg7 $36 {[%emt 0:02:27][%mdl 2048] White is really pushing.} (35. Rh5 $142 {And now Qg3+ would win.} Be6 36. Qg7) 35... Be6 $16 36. Re1 (36. f4 $16) 36... Kb6 (36... Bf5 $1 $11 37. Qxf7+ Kc6) 37. Re5 $14 {[%emt 0:00:48][%mdl 1024] White has compensation.} Qc8 (37... a5 $14) 38. f4 $16 {[%emt 0:02:20][%cal Bf2f4,Bf4f5][%mdl 32] White has more active pieces.} a6 (38... Qf8 $16 {was called for.} 39. f5 Bd7 40. a5+ (40. Rxd5 Bxa4 41. Rc5 Bc6 $16) 40... Ka6 41. Rxd5 Ba4) 39. Kc1 $1 $18 Ka7 $2 {[%emt 0:00:01] [#]} (39... Qf8 40. f5 Bc8 41. Rxd5 Qa3+ 42. Kd2 Qf8) 40. f5 $1 Bd7 {[%emt 0:00:02] [#]} (40... Bxf5 $2 41. Rxf5 (41. Qxf7 Rxh7 42. Qxd5 Bg6 $17) 41... Qf8 42. Kb2 $18 (42. Rxd5 Qc8 $18)) 41. a5 $1 Qf8 $2 (41... Bxf5 $2 {loses.} 42. Rxf5 (42. Qxf7 Rxh7 43. Qxd5 Bg6 $17) 42... Qf8 43. Kb2 $18 (43. Rxd5 Ka8 $18)) (41... Rf8 42. Rxd5 (42. Re7 Bxf5 43. Rxf7 Rh8 $14) 42... Ba4) 42. Kb2 (42. Rxd5 Ba4 $14 (42... Qa3+ 43. Kd2 $16)) 42... Qc8 43. Rxd5 {[%emt 0:00:40] Black is weak on the dark squares} Bc6 44. Re5 Bd7 45. Qxf7 {[%emt 0:00:28] Strongly threatening Qg7.} Bxf5 46. Rc5 Qe6 47. Qxe6 Bxe6 48. Rc7 Bf5 {[%emt 0:00:21] [#]} 49. Rg7 $1 ({And not} 49. Rxc4 Rxh7 (49... Bxh7 50. d5 $11) 50. Rc5 Bh3 $15) 49... Bxh7 50. f7 Bd3 51. cxd3 {[%emt 0:00:16] Weighted Error Value: White=0.10 (very precise) /Black=0.46.  Mistake:       	White=2     	Black=6      Inaccurate:     	White=1     	Black=3      OK:         	White=9     	Black=15     Best:        	White=2     	Black=4      Strong:       	White=3     	---        Brilliant:      	White=1     	---} 1-0

[Event "GRENKE Chess Classic-TB 2024"]
[Site "Karlsruhe"]
[Date "2024.04.01"]
[Round "2.1"]
[White "Ding, Liren"]
[Black "Fridman, Daniel"]
[Result "1-0"]
[ECO "A14"]
[WhiteElo "2762"]
[BlackElo "2590"]
[Annotator "TA"]
[PlyCount "115"]
[EventDate "2024.03.26"]
[EventType "match"]
[EventCountry "GER"]
[SourceTitle "playchess.com"]
[Source "ChessBase"]
[SourceQuality "1"]
[TimeControl "2700+10"]

1. c4 e6 2. g3 d5 3. Bg2 Nf6 4. Nf3 Be7 5. O-O O-O 6. d4 dxc4 7. Qc2 a6 8. a4 $1 {[%emt 0:00:01] 8.a4 is better than 8.Qxc4.} Nc6 9. Qxc4 Na5 {[%emt 0:00:01] E05: Open Catalan: 5 Nf3 Be7.} 10. Qc2 b6 11. Ne5 Bb7 12. Bxb7 Nxb7 13. Nc6 Qe8 14. Rd1 Bc5 15. Ne5 Bd6 16. Nc3 Na5 $146 ({Predecessor:} 16... Nd5 17. Nc4 Qc6 18. Qb3 Nxc3 19. Qxc3 b5 20. Ne3 Qxc3 21. bxc3 Na5 22. Ba3 Rfb8 23. axb5 axb5 {½-½ Deac,B (2679)-Safarli,E (2589) Titled Tuesday intern op 26th Apr Early blitz 2022 (8)}) 17. Bf4 Nc6 18. Rac1 Nb4 19. Qb3 Nfd5 20. Bd2 b5 (20... Nxc3 {simplifies} 21. Bxc3 Nd5 22. e4 Nxc3 23. Rxc3 Bxe5 24. dxe5 Qe7) 21. axb5 axb5 22. Ne4 Bxe5 23. Bxb4 Nxb4 24. Qxb4 Ra4 25. Qc5 Bd6 26. Nxd6 cxd6 27. Qxd6 Qa8 28. d5 exd5 29. Rxd5 (29. Qxd5 Qxd5 30. Rxd5 Rb4) 29... Ra1 30. Rdd1 Ra2 31. Qe5 Re8 32. Qxb5 Rb8 (32... Qb8 $16 33. Qxb8 Rxb8) 33. Qf5 $1 $18 Raxb2 34. Rd7 $1 Rf8 {[%emt 0:01:56] [#]} 35. Rxf7 $1 Rxf7 36. Rc8+ Qxc8 37. Qxc8+ Rf8 38. Qe6+ Kh8 39. f4 h6 (39... Rfb8 $16 {was worth a try.} 40. Qe7 Ra8) 40. Kf2 $18 Ra8 (40... Rfb8 $142 41. f5 R2b6) 41. h4 Rab8 42. Kf3 R2b6 43. Qd7 R6b7 44. Qd4 Rb4 45. Qa7 R4b7 46. Qf2 Rb3+ {[%emt 0:00:02] [#]} 47. e3 $1 Rb1 48. Kg4 Re8 (48... R1b4 $142 49. Qc2 Ra8) 49. Qd2 $18 Rb3 50. Kf3 h5 51. Kf2 Ra3 52. Qc1 Rb3 $2 (52... Ra6 53. Qc5 g6) 53. Qc5 $18 Rexe3 54. Qxe3 Rxe3 55. Kxe3 g6 56. Ke4 Kg7 57. Ke5 Kf7 58. f5 1-0

[Event "GRENKE Chess Classic-TB 2024"]
[Site "Karlsruhe"]
[Date "2024.04.01"]
[Round "2.1"]
[White "Keymer, Vincent"]
[Black "Vachier-Lagrave, Maxime"]
[Result "1/2-1/2"]
[ECO "D33"]
[WhiteElo "2738"]
[BlackElo "2728"]
[Annotator "TA"]
[PlyCount "101"]
[EventDate "2024.03.26"]
[EventType "match"]
[EventCountry "GER"]
[SourceTitle "playchess.com"]
[Source "ChessBase"]
[SourceQuality "1"]
[TimeControl "2700+10"]

1. Nf3 Nf6 2. c4 c5 3. Nc3 Nc6 4. g3 d5 5. d4 e6 6. cxd5 exd5 7. a3 {D33: Tarrasch Defence: 6 g3 sidelines.} Bg4 8. Be3 Be7 $146 ({Predecessor:} 8... Bxf3 9. exf3 a6 10. Bg2 Be7 11. O-O O-O 12. f4 Rb8 13. h3 cxd4 14. Bxd4 Ne4 15. Nxe4 dxe4 {1-0 Narayanan,S (2647)-Erigaisi,A (2634) Tsaghkadzor ChessMood op 2021 (8)}) 9. Bg2 O-O 10. O-O Rc8 11. h3 Bxf3 12. Bxf3 Qd7 13. Kg2 Rfd8 14. Rc1 (14. dxc5 $2 {loses.} d4 15. Bd2 dxc3 $19) 14... Qe6 15. Na4 (15. dxc5 $2 {perishes.} d4 16. Bxd4 Nxd4 $19 (16... Rxd4 $2 17. Qc2 $19)) 15... c4 16. Nc3 h6 17. Qc2 Bd6 18. Rcd1 a6 19. Bf4 (19. Qd2 $11 {remains equal.}) 19... Bxf4 $17 20. gxf4 Ne7 21. e3 b5 22. Kh2 g6 23. Rg1 Kg7 24. Rg2 Rb8 25. Ne2 Ne4 (25... Qd7 $17 26. Rgg1 Rb6) 26. Bxe4 $11 Qxe4 27. Qxe4 dxe4 28. Ng3 f5 29. h4 Kf6 30. Ne2 a5 31. Ra1 Rd6 32. Rgg1 $1 b4 33. axb4 axb4 34. Rgc1 Rc8 35. Ra5 $1 g5 36. hxg5+ hxg5 37. Kg1 gxf4 38. Nxf4 c3 39. bxc3 bxc3 40. Rc5 Rxc5 41. dxc5 Rc6 42. Rxc3 Ke5 43. Kg2 Ng6 44. Nxg6+ Rxg6+ 45. Kh3 Kd5 46. Rc2 Kc6 47. Ra2 Kxc5 48. Ra5+ Kc4 49. Rxf5 Kd3 50. Rf4 Ke2 51. Rxe4 1/2-1/2

[Event "GRENKE Chess Classic-TB 2024"]
[Site "Karlsruhe"]
[Date "2024.04.01"]
[Round "2.1"]
[White "Vachier-Lagrave, Maxime"]
[Black "Keymer, Vincent"]
[Result "1/2-1/2"]
[ECO "A29"]
[WhiteElo "2728"]
[BlackElo "2738"]
[Annotator "TA"]
[PlyCount "75"]
[EventDate "2024.03.26"]
[EventType "match"]
[EventCountry "GER"]
[SourceTitle "playchess.com"]
[Source "ChessBase"]
[SourceQuality "1"]
[TimeControl "2700+10"]

1. c4 Nf6 2. Nc3 e5 3. Nf3 Nc6 4. g3 Bb4 5. Nd5 e4 6. Nh4 O-O 7. Bg2 d6 8. a3 Ba5 9. b4 $1 Bb6 10. Bb2 {[%emt 0:00:01] [#] aiming for Nxf6+.} Bd4 11. Bxd4 Nxd4 12. e3 $1 ({Don't blunder} 12. Nxf6+ $2 Qxf6 13. Rc1 g5 $19) 12... Nf5 13. Nxf5 Bxf5 {[%emt 0:00:03] The position is equal.} 14. Nxf6+ Qxf6 15. O-O c6 16. f3 Qe6 17. fxe4 Bxe4 18. Bxe4 Qxe4 19. Rf4 Qe5 20. Rb1 Rad8 21. b5 d5 22. cxd5 Qxd5 23. bxc6 bxc6 24. Rb2 g6 25. Qc2 Rd7 26. Rd4 Qe6 27. Qc4 {[%emt 0:00:03] [#] Threatens to win with Qxe6.} Qf5 28. Rf4 Qa5 29. Qa4 Qe5 30. Qxc6 Qxb2 31. Qxd7 Qxa3 $11 {[%emt 0:00:02][%mdl 4096] Endgame. KQR-KQR} 32. Ra4 Qc1+ 33. Kg2 Qd1 34. Rxa7 Qe2+ 35. Kg1 Qe1+ 36. Kg2 Qe2+ 37. Kg1 Qe1+ 38. Kg2 {[%emt 0:00:00] An interesting draw.   Weighted Error Value: White=0.01 (flawless) /Black=0.02 (flawless) .  OK:         	White=16    	Black=15     Best:        	White=1     	Black=3      Strong:       	White=2     	---} 1/2-1/2